AoeStats
← Hamza Khan

Socotra

506947123Analyzed
4v4 RM · 17d ago on Sep 15, 2026· 46m 56s· 8 players
Game mode
Random Map
Map size
148×148
Population
200
Speed
Normal
Resources
Standard
Victory
Conquest
Starting age
Dark Age
Ending age
Imperial Age
RankedLock teamsTeams togetherTeam positionsShared explorationLock speedFull tech treeHidden civsTurbo modeCheats
Victory
Defeat
🇳🇿 Bohemians · New Zealand
946
+15
🇺🇸 Maya · United States
937
+15
🇲🇽 Persians · Mexico
936
+15
🇸🇪 Burgundians · Sweden
903
+17
🇩🇪 Mongols · Germany
1133
-23
🇺🇸 Bulgarians · United States
874
-14
🇨🇦 Japanese · Canada
848
-13
🇪🇸 Franks · Spain
841
-12
fatel87
13:15 Feudal Age
12:15 Loom
14:29 Double-Bit Axe
15:49 Padded Archer Armor
23:24 Castle Age
21:20 Fletching
Hamza Khan
0:29 Loom
12:45 Feudal Age
11:27 Double-Bit Axe
11:36 Horse Collar
13:55 Bow Saw
14:06 Heavy Plow
15:08 Wheelbarrow
20:16 Castle Age
18:23 Stone Mining
20:45 Stone Shaft Mining
20:04 Gold Mining
22:27 Gold Shaft Mining
23:16 Pikeman
23:57 Squires
26:43 Hand Cart
32:08 Imperial Age
30:13 Town Watch
32:37 Two-Man Saw
32:10 Crop Rotation
33:49 Conscription
38:07 Chemistry
38:43 Elite Coustillier
40:28 Caravan
41:00 Scale Barding Armor
43:58 Chain Barding Armor
43:49 Forging
43:34 Halberdier
43:59 Arson
45:51 Plate Barding Armor
47:50 Iron Casting
47:16 Scale Mail Armor
Tentramitrozo 100 mg
1:09 Loom
13:02 Feudal Age
23:34 Castle Age
21:39 Double-Bit Axe
21:40 Horse Collar
21:53 Gold Mining
21:56 Stone Mining
28:35 Bloodlines
28:25 Husbandry
34:57 Forging
34:37 Fletching
34:53 Scale Barding Armor
34:49 Scale Mail Armor
34:49 Padded Archer Armor
46:36 Chain Barding Armor
scrawnny12
8:58 Loom
11:03 Feudal Age
15:29 Castle Age
14:14 Double-Bit Axe
15:37 Horse Collar
20:31 Fervor
21:01 Bow Saw
21:04 Fletching
23:29 Heavy Plow
24:33 Wagenburg Tactics
24:53 Bodkin Arrow
29:38 Wheelbarrow
31:38 Imperial Age
33:52 Ballistics
33:28 Murder Holes
34:36 Pikeman
35:31 Bracer
36:18 Conscription
36:06 Hussite Reforms
36:54 Hand Cart
36:24 Town Watch
37:37 Scale Mail Armor
37:48 Forging
39:01 Redemption
39:10 Block Printing
39:23 Illumination
38:45 Halberdier
39:43 Squires
40:51 Theocracy
40:46 Sanctity
V snacks
4:06 Loom
15:17 Feudal Age
15:55 Double-Bit Axe
18:16 Town Watch
19:32 Fletching
21:19 Stone Mining
27:02 Castle Age
27:19 Forging
28:05 Bodkin Arrow
28:27 Scale Mail Armor
38:38 Wheelbarrow
40:04 Chain Mail Armor
40:25 Iron Casting
39:59 Squires
44:40 Hand Cart
DOLAR2305
0:55 Loom
13:02 Feudal Age
15:32 Wheelbarrow
14:58 Double-Bit Axe
21:54 Castle Age
21:36 Scale Barding Armor
21:56 Forging
23:01 Hand Cart
23:18 Light Cavalry
26:21 Husbandry
26:44 Gold Mining
31:01 Gold Shaft Mining
30:18 Stone Mining
40:01 Imperial Age
40:22 Squires
39:44 Pikeman
40:30 Heavy Scorpion
42:00 Conscription
42:17 Cavalier
44:01 Iron Casting
43:27 Scale Mail Armor
43:49 Man-at-Arms
Darebear266178
0:32 Loom
14:22 Feudal Age
15:08 Arson
16:03 Scale Mail Armor
16:14 Forging
21:29 Castle Age
19:26 Stone Mining
22:12 Castle Age
22:20 Fletching
22:31 Padded Archer Armor
CriPe FusIonz
13:10 Feudal Age
16:55 Castle Age
15:33 Loom
16:20 Fletching
22:32 Bodkin Arrow
37:17 Double-Bit Axe
37:23 Horse Collar
Connection lost

Rejoining the realm…

Still unreachable

The connection could not be restored.

Session expired

The server has moved on; the page needs a fresh start.